[Event "DVM U10 2024"]
[Site "Duesseldorf"]
[Date "2024.12.28"]
[Round "5"]
[White "Kissel, Joshua"]
[Black "Lankenau, Matteo Joel"]
[Result "0-1"]
[ECO "B22"]
[WhiteElo "1140"]
[BlackElo "1011"]
[Annotator "NA RC"]
[PlyCount "100"]
[EventDate "2024.12.23"]
[EventType "team-tourn"]
[EventRounds "7"]
[EventCountry "GER"]
[SourceTitle "playchess.com"]
[Source "ChessBase"]
[SourceQuality "1"]
[TimeControl "3300+5"]

1. e4 c5 2. c3 a6 3. d4 cxd4 4. cxd4 e6 5. Nc3 d6 6. Nf3 Be7 7. Bc4 Bd7 8. O-O Nf6 9. a3 O-O 10. b4 b5 11. Bd3 Re8 12. Be3 d5 13. Re1 Qc7 14. Rb1 Qxc3 15. Rb3 Qc7 16. Qd2 Rc8 17. Rc1 Qxc1+ 18. Qxc1 Rxc1+ 19. Bxc1 Bd6 20. g3 Nc6 21. Be3 dxe4 22. Bxe4 Nxe4 23. Kf1 Rc8 24. Rb1 e5 25. dxe5 Nxe5 26. Nxe5 Bxe5 27. f4 Bd4 28. Bc1 Bh3+ 29. Ke1 Bc3+ 30. Kd1 Bg4+ 31. Kc2 Ba1+ 32. Kd3 Nf2+ 33. Ke3 Nd1+ 34. Kd2 Bc3+ 35. Kd3 Rd8+ 36. Ke4 Rd4+ 37. Ke5 Rxb4+ 38. Kd5 Rxb1 39. Kc6 Rxc1 40. Kb6 Ra1 41. Kxa6 b4 42. Kb5 Rxa3 43. Kc4 b3 44. h3 Bxh3 45. g4 b2 46. f5 b1=Q 47. g5 Qb4+ 48. Kd5 Ra5+ 49. Kc6 Qc5+ 50. Kd7 Bxf5+ 0-1

[Event "DVM U10 2024"]
[Site "Duesseldorf"]
[Date "2024.12.28"]
[Round "5"]
[White "Balla, Virinchi"]
[Black "Pereira, Jefferson Luis de S."]
[Result "1-0"]
[ECO "C57"]
[WhiteElo "1123"]
[BlackElo "1932"]
[Annotator "RC"]
[PlyCount "63"]
[EventDate "2024.12.23"]
[EventType "team-tourn"]
[EventRounds "7"]
[EventCountry "GER"]
[SourceTitle "playchess.com"]
[Source "ChessBase"]
[SourceQuality "1"]
[TimeControl "3300+5"]

1. e4 e5 2. Nf3 Nc6 3. Bc4 Nf6 4. Ng5 d5 5. exd5 Nxd5 6. d3 Bc5 7. Ne4 O-O 8. Nxc5 Qd6 9. Ne4 Nb6 10. Nxd6 cxd6 11. O-O d5 12. Bb5 Nd4 13. Nc3 Rd8 14. Bg5 Rd6 15. Be7 Rg6 16. Re1 Bh3 17. g3 Bg4 18. Qc1 Re8 19. Bxe8 Nf3+ 20. Kg2 Nxe1+ 21. Qxe1 Rh6 22. Qxe5 Re6 23. Qb8 Rxe7 24. Ba4+ Bc8 25. Qd6 Re8 26. Bxe8 Nc4 27. Qd8 g6 28. dxc4 Be6 29. cxd5 Bf5 30. d6 Bxc2 31. Qf6 a6 32. Qxf7+ 1-0

[Event "DVM U10 2024"]
[Site "Duesseldorf"]
[Date "2024.12.28"]
[Round "5"]
[White "Artarov, Rina"]
[Black "Golnik, Rasmus"]
[Result "1-0"]
[ECO "D37"]
[WhiteElo "1122"]
[BlackElo "1087"]
[Annotator "NA RC"]
[PlyCount "95"]
[EventDate "2024.12.23"]
[EventType "team-tourn"]
[EventRounds "7"]
[EventCountry "GER"]
[SourceTitle "playchess.com"]
[Source "ChessBase"]
[SourceQuality "1"]
[TimeControl "3300+5"]

1. d4 d5 2. c4 e6 3. Nc3 Nf6 4. Bf4 Be7 5. e3 O-O 6. Nf3 c5 7. Qc2 Nc6 8. Bd3 b6 9. O-O h6 10. Rfe1 Re8 11. Nb5 Rf8 12. Qa4 Na5 13. Bc7 Qd7 14. Ne5 Qe8 15. Qc2 a6 16. Nd6 Bxd6 17. Bxd6 Bb7 18. dxc5 bxc5 19. Bxc5 Rc8 20. Bxf8 Qxf8 21. Qa4 Nxc4 22. Nxc4 dxc4 23. Bxc4 Qc5 24. Rac1 Qg5 25. Bf1 Rd8 26. Rc7 Bd5 27. Qxa6 Re8 28. Rc8 Rxc8 29. Qxc8+ Kh7 30. Bd3+ Ne4 31. f3 Qh4 32. Rd1 Qf2+ 33. Kh1 Qxe3 34. fxe4 Bxe4 35. Bxe4+ Qxe4 36. Rc1 Qf4 37. Kg1 Qe3+ 38. Kf1 Qf4+ 39. Ke2 Qe4+ 40. Kd2 Qd4+ 41. Ke1 Qe3+ 42. Kf1 Qf4+ 43. Kg1 Qe3+ 44. Kh1 Qf4 45. Qc2+ f5 46. Rd1 Kg6 47. Qd2 Kh7 48. Qxf4 1-0

[Event "DVM U10 2024"]
[Site "Duesseldorf"]
[Date "2024.12.28"]
[Round "5"]
[White "Goyush, Shams"]
[Black "Shandi, Hasan"]
[Result "1-0"]
[ECO "C55"]
[WhiteElo "1122"]
[BlackElo "1153"]
[Annotator "NA RC"]
[PlyCount "81"]
[EventDate "2024.12.23"]
[EventType "team-tourn"]
[EventRounds "7"]
[EventCountry "GER"]
[SourceTitle "playchess.com"]
[Source "ChessBase"]
[SourceQuality "1"]
[TimeControl "3300+5"]

1. e4 e5 2. Nf3 Nc6 3. Bc4 Be7 4. d3 Nf6 5. Nc3 d6 6. h3 Na5 7. Bb3 Nxb3 8. axb3 O-O 9. O-O Be6 10. Be3 h6 11. Rxa7 Rxa7 12. Bxa7 b6 13. Qa1 Qd7 14. Qa4 Qxa4 15. Nxa4 Ra8 16. Bxb6 cxb6 17. Nxb6 Ra6 18. Na4 Nh5 19. Re1 Nf4 20. d4 Bf6 21. d5 Bd7 22. Ra1 Bb5 23. c4 Bxa4 24. Rxa4 Rb6 25. b4 Nd3 26. b5 Nxb2 27. Rb4 Nd3 28. Rb3 Nc5 29. Rb4 Nxe4 30. Kf1 Nc5 31. Nd2 e4 32. Ke2 Bc3 33. Rb1 Bxd2 34. Kxd2 f5 35. f3 Kf7 36. Rf1 Kf6 37. fxe4 Nxe4+ 38. Ke3 Ke5 39. g4 fxg4 40. hxg4 Rb7 41. Rf5# 1-0

[Event "DVM U10 2024"]
[Site "Duesseldorf"]
[Date "2024.12.28"]
[Round "5"]
[White "Sander, Bela"]
[Black "Seitov, Adela"]
[Result "1/2-1/2"]
[ECO "C45"]
[WhiteElo "1117"]
[BlackElo "911"]
[Annotator "NA RC"]
[PlyCount "69"]
[EventDate "2024.12.23"]
[EventType "team-tourn"]
[EventRounds "7"]
[EventCountry "GER"]
[SourceTitle "playchess.com"]
[Source "ChessBase"]
[SourceQuality "1"]
[TimeControl "3300+5"]

1. e4 e5 2. Nf3 Nc6 3. d4 exd4 4. Nxd4 Nxd4 5. Qxd4 Nf6 6. Bg5 Be7 7. Nc3 b6 8. Qd1 d6 9. Bb5+ Bd7 10. Bc4 Bg4 11. f3 Be6 12. Bxe6 fxe6 13. Qd2 Qd7 14. O-O-O h6 15. Bh4 e5 16. Bg3 b5 17. Nd5 c6 18. Nxf6+ Bxf6 19. Qxd6 Bg5+ 20. Kb1 Qxd6 21. Rxd6 O-O 22. Rxc6 Rfd8 23. Bxe5 Rd7 24. a3 Re7 25. f4 Bf6 26. Bxf6 gxf6 27. Rxf6 Rxe4 28. Rxh6 Rxf4 29. h4 Rc8 30. h5 Rf2 31. Rg6+ Kf7 32. c3 Rd8 33. Ka2 Rdd2 34. Rb1 Rf5 35. Ra6 1/2-1/2

[Event "DVM U10 2024"]
[Site "Duesseldorf"]
[Date "2024.12.28"]
[Round "5"]
[White "Naveen, Yuvaan"]
[Black "Götz, Georg"]
[Result "0-1"]
[ECO "D00"]
[WhiteElo "1110"]
[BlackElo "1284"]
[Annotator "NA"]
[PlyCount "114"]
[EventDate "2024.12.23"]
[EventType "team-tourn"]
[EventRounds "7"]
[EventCountry "GER"]
[SourceTitle "playchess.com"]
[Source "ChessBase"]
[SourceQuality "1"]
[TimeControl "3300+5"]

1. d4 Nf6 2. Bf4 e6 3. e3 d5 4. c3 Bd6 5. Bg3 Bxg3 6. hxg3 Bd7 7. Nd2 Bc6 8. Ngf3 Nbd7 9. Bd3 e5 10. Nxe5 Nxe5 11. dxe5 Ne4 12. Nxe4 dxe4 13. Bc4 Qxd1+ 14. Rxd1 O-O 15. Ke2 Rfe8 16. Rh4 Rxe5 17. Rf4 Re7 18. Bd5 Bxd5 19. Rxd5 b6 20. f3 exf3+ 21. gxf3 c5 22. b4 cxb4 23. cxb4 Kf8 24. Rfd4 Ke8 25. Kd3 f6 26. f4 Rc8 27. Re4 Rd8 28. Rxe7+ Kxe7 29. Rxd8 Kxd8 30. Kd4 Kd7 31. Kd5 a6 32. a4 g6 33. e4 h5 34. e5 fxe5 35. fxe5 g5 36. e6+ Ke7 37. Ke5 h4 38. gxh4 gxh4 39. Kf4 Kxe6 40. Kg4 Kd5 41. Kxh4 Kc4 42. Kg4 Kxb4 43. Kf4 Kxa4 44. Ke4 Kb4 45. Kd4 a5 46. Kd3 Kb3 47. Kd2 Kb2 48. Kd3 a4 49. Kc4 a3 50. Kb5 a2 51. Kxb6 a1=Q 52. Kc5 Qd1 53. Kc4 Qd6 54. Kb5 Qc7 55. Ka4 Qb7 56. Ka5 Kc3 57. Ka4 Qb4# 0-1

[Event "DVM U10 2024"]
[Site "Duesseldorf"]
[Date "2024.12.28"]
[Round "5"]
[White "Tschötsch, Hugo"]
[Black "von Bassewitz, Friedrich"]
[Result "0-1"]
[ECO "D08"]
[WhiteElo "1110"]
[BlackElo "1163"]
[Annotator "NA RC"]
[PlyCount "46"]
[EventDate "2024.12.23"]
[EventType "team-tourn"]
[EventRounds "7"]
[EventCountry "GER"]
[SourceTitle "playchess.com"]
[Source "ChessBase"]
[SourceQuality "1"]
[TimeControl "3300+5"]

1. d4 d5 2. c4 e5 3. dxe5 d4 4. Nf3 Nc6 5. Bg5 Bb4+ 6. Bd2 Bxd2+ 7. Nbxd2 Be6 8. Nb3 Bxc4 9. Nbxd4 Nge7 10. b3 Ba6 11. g3 Nxd4 12. Nxd4 Ng6 13. Bg2 Nxe5 14. O-O O-O 15. Re1 Re8 16. e3 Nd3 17. Re2 Qe7 18. Nc2 Rad8 19. Rd2 Qf6 20. Ne1 Nxe1 21. Qxe1 Rxd2 22. Qxd2 Qxa1+ 23. Bf1 Qxf1# 0-1

[Event "DVM U10 2024"]
[Site "Duesseldorf"]
[Date "2024.12.28"]
[Round "5"]
[White "Kirchgessner, Thomas"]
[Black "Müller, Charlie Erik"]
[Result "0-1"]
[ECO "C50"]
[WhiteElo "1094"]
[BlackElo "1043"]
[Annotator "NA RC"]
[PlyCount "88"]
[EventDate "2024.12.23"]
[EventType "team-tourn"]
[EventRounds "7"]
[EventCountry "GER"]
[SourceTitle "playchess.com"]
[Source "ChessBase"]
[SourceQuality "1"]
[TimeControl "3300+5"]

1. e4 e5 2. Nf3 Nc6 3. Bc4 Bc5 4. O-O Nf6 5. Nc3 O-O 6. d3 d6 7. Be3 Bb6 8. d4 exd4 9. Nxd4 Nxe4 10. Nxc6 bxc6 11. Bxb6 axb6 12. Nxe4 d5 13. Bxd5 cxd5 14. Ng3 c5 15. Re1 Be6 16. Re2 Qf6 17. a4 Qxb2 18. c4 Qd4 19. cxd5 Qxd5 20. Qxd5 Bxd5 21. Nf5 Be6 22. Ne7+ Kh8 23. Rb2 Rfd8 24. h3 Rd6 25. a5 bxa5 26. Rab1 h6 27. Rb8+ Rxb8 28. Rxb8+ Kh7 29. Nc8 Rc6 30. Nb6 c4 31. Na4 c3 32. Rb1 Bb3 33. Nxc3 Rxc3 34. Ra1 a4 35. Ra3 Rc2 36. f4 Ra2 37. Rxa2 Bxa2 38. f5 Bb3 39. g4 a3 40. h4 a2 41. g5 a1=Q+ 42. Kh2 Qb2+ 43. Kh1 Qf2 44. gxh6 Bd5# 0-1

[Event "DVM U10 2024"]
[Site "Duesseldorf"]
[Date "2024.12.28"]
[Round "5"]
[White "Chen, Aimée"]
[Black "Michelson, Nathan"]
[Result "1-0"]
[ECO "C55"]
[WhiteElo "1090"]
[BlackElo "1198"]
[Annotator "NA RC"]
[PlyCount "59"]
[EventDate "2024.12.23"]
[EventType "team-tourn"]
[EventRounds "7"]
[EventCountry "GER"]
[SourceTitle "playchess.com"]
[Source "ChessBase"]
[SourceQuality "1"]
[TimeControl "3300+5"]

1. e4 e5 2. Nf3 Nf6 3. Nc3 Nxe4 4. Nxe4 d5 5. Ng3 Nc6 6. Bb5 Bd6 7. d3 Bd7 8. h3 O-O 9. O-O a6 10. Ba4 b5 11. Bb3 Be6 12. c3 Bc5 13. d4 exd4 14. cxd4 Bb6 15. Be3 f5 16. Bf4 Rc8 17. Re1 Na5 18. Rxe6 Qd7 19. Re5 Nxb3 20. Qxb3 Rcd8 21. Rae1 c5 22. Qd3 c4 23. Qc2 Qc8 24. Nxf5 Bc7 25. Ne7+ Kh8 26. Nxc8 Bxe5 27. Bxe5 Rxc8 28. Ng5 Rf5 29. Qxf5 Kg8 30. Qxc8# 1-0

[Event "DVM U10 2024"]
[Site "Duesseldorf"]
[Date "2024.12.28"]
[Round "5"]
[White "Kutschenreuter, Leo"]
[Black "Thirumal, Shravan"]
[Result "0-1"]
[ECO "C47"]
[WhiteElo "1085"]
[BlackElo "1614"]
[Annotator "NA RC"]
[PlyCount "127"]
[EventDate "2024.12.23"]
[EventType "team-tourn"]
[EventRounds "7"]
[EventCountry "GER"]
[SourceTitle "playchess.com"]
[Source "ChessBase"]
[SourceQuality "1"]
[TimeControl "3300+5"]

1. e4 e5 2. Nf3 Nc6 3. Nc3 Nf6 4. a3 Bc5 5. Nxe5 Nxe5 6. d4 Bxd4 7. Qxd4 Nc6 8. Qd1 O-O 9. Bg5 h6 10. Bh4 d6 11. Bc4 Ne5 12. Bb3 Be6 13. Bxe6 fxe6 14. Qe2 c5 15. O-O-O a6 16. Bg3 Qc7 17. f4 Nc6 18. f5 Nd4 19. Qc4 b5 20. Qa2 b4 21. fxe6 Kh8 22. Nd5 b3 23. cxb3 Nxd5 24. exd5 Rab8 25. Kb1 Rxb3 26. Rxd4 Rxb2+ 27. Qxb2 Rb8 28. Rd2 Rxb2+ 29. Rxb2 c4 30. Rc1 a5 31. e7 Qxe7 32. Rxc4 Qe3 33. Ra4 Qd3+ 34. Kc1 Qxd5 35. Rd2 Qc6+ 36. Kb1 Qxa4 37. Bxd6 Qb5+ 38. Ka2 Qc4+ 39. Kb2 a4 40. h3 Qb3+ 41. Kc1 Qc3+ 42. Kd1 Qa1+ 43. Ke2 Qf6 44. Bg3 Qe6+ 45. Kd1 Qf6 46. Rf2 Qd4+ 47. Ke1 Qc3+ 48. Ke2 Qxg3 49. Rf8+ Kh7 50. Ra8 Qf4 51. Kd3 Qf5+ 52. Ke3 Qc5+ 53. Kf4 Qc4+ 54. Ke5 Qc7+ 55. Kd4 Qd7+ 56. Kc3 Qd6 57. Rxa4 Qc6+ 58. Kb4 Qb6+ 59. Kc3 Qc5+ 60. Rc4 Qxa3+ 61. Kd4 Qd6+ 62. Kc3 Qg3+ 63. Kb4 Qxg2 64. h4 0-1

[Event "DVM U10 2024"]
[Site "Duesseldorf"]
[Date "2024.12.28"]
[Round "5"]
[White "Pardo Lorz, Noah"]
[Black "Pukshansky, Mikhail B"]
[Result "0-1"]
[ECO "C50"]
[WhiteElo "1067"]
[BlackElo "2405"]
[Annotator "TA"]
[PlyCount "68"]
[EventDate "2024.12.23"]
[EventType "team-tourn"]
[EventRounds "7"]
[EventCountry "GER"]
[SourceTitle "playchess.com"]
[Source "ChessBase"]
[SourceQuality "1"]
[TimeControl "3300+5"]

1. e4 e5 2. Nf3 Nc6 3. Bc4 Bc5 4. d3 h6 5. Be3 d6 (5... Bxe3 $11 {keeps the balance.} 6. fxe3 Nf6) 6. c3 ({White should play} 6. Bxc5 $16 {And now Be3 would win.} dxc5 7. Bb5) 6... Bg4 {[%emt 0:01:01] [#]} (6... Bxe3 $11 7. fxe3 Na5) 7. Nbd2 (7. Bxc5 $1 $16 {Strongly threatening Be3.} dxc5 8. Qb3) 7... Nf6 (7... Bxe3 $11 8. fxe3 Na5) 8. h3 ({Better is} 8. Bxc5 $16 {Be3 would now be deadly.} dxc5 9. Bb5) 8... Bh5 {[%emt 0:00:10] [#]} (8... Bxe3 $11 {remains equal.} 9. fxe3 Bd7) 9. g4 ({White should try} 9. Bxc5 $1 $16 dxc5 10. a4) 9... Bg6 (9... Bxe3 $11 10. fxe3 Bg6) 10. b4 $2 (10. Bxc5 $16 {and life is bright. Be3 is the strong threat.} dxc5 11. Bb5) 10... Bb6 (10... Bxe3 $17 11. fxe3 d5) 11. Nb3 (11. Nh4 $11) 11... O-O 12. Bxb6 (12. g5 $15 d5 13. exd5 (13. gxf6 dxc4 14. fxg7 Re8 $15) 13... Nxd5 14. b5 Nxe3 (14... Nxc3 15. Qd2 $14) 15. fxe3) 12... cxb6 13. b5 Ne7 14. Nh4 Bh7 15. d4 $2 (15. Ng2 $17) 15... Nxe4 $19 16. dxe5 dxe5 17. Qxd8 Raxd8 18. O-O Nd6 ({But not} 18... Nxc3 19. Rfe1 $19) 19. Rad1 $2 (19. Be2) 19... Nxc4 20. Rxd8 Rxd8 21. Re1 f6 22. Nc1 Nd2 23. Ne2 g5 24. Ra1 gxh4 25. a4 Nf3+ 26. Kg2 Be4 27. Kf1 Bd3 28. a5 Rc8 29. axb6 axb6 {[%emt 0:00:08][%cal Oe7d5] ( -> ...Nd5!)} 30. Ra7 Bxb5 {[%emt 0:00:16] Black mates.} 31. Rxb7 {[%emt 0:00:14] [#]} Rxc3 $1 32. Rxe7 (32. Kg2 Bxe2) 32... Rc1+ 33. Kg2 Bxe2 34. Rb7 Rg1# {[%emt 0:00:11] White did not feel at home in the position after the opening.   Weighted Error Value: White=1.10/Black=0.40.  Loses game:     	White=1     	---        Mistake:       	White=7     	Black=5      OK:         	White=1     	Black=2      Best:        	---       	Black=1} 0-1

[Event "DVM U10 2024"]
[Site "Duesseldorf"]
[Date "2024.12.28"]
[Round "5"]
[White "Fischer, Emil Fiete"]
[Black "Trunz, Daniel"]
[Result "0-1"]
[ECO "C54"]
[WhiteElo "1050"]
[BlackElo "1440"]
[Annotator "NA RC"]
[PlyCount "104"]
[EventDate "2024.12.23"]
[EventType "team-tourn"]
[EventRounds "7"]
[EventCountry "GER"]
[SourceTitle "playchess.com"]
[Source "ChessBase"]
[SourceQuality "1"]
[TimeControl "3300+5"]

1. e4 e5 2. Nf3 Nc6 3. Bc4 Bc5 4. O-O d6 5. c3 Bg4 6. h3 Bh5 7. d3 Nf6 8. Be3 Bb6 9. Nbd2 O-O 10. Qb3 h6 11. Qc2 Ne7 12. d4 Ng6 13. a4 a5 14. dxe5 dxe5 15. Rad1 Re8 16. Qb3 Qe7 17. Bxb6 cxb6 18. Qxb6 Red8 19. Qe3 Rd6 20. Rfe1 Rad8 21. Be2 Ne8 22. Nf1 Nf4 23. Rxd6 Nxe2+ 24. Rxe2 Rxd6 25. Re1 Qd7 26. Ng3 Bxf3 27. Qxf3 Qxa4 28. Qe2 Nf6 29. Nf5 Rd7 30. Qf3 Kh7 31. Qg3 g6 32. Qxe5 Nh5 33. Ng3 Nxg3 34. Qxg3 Qb3 35. Re2 Qd1+ 36. Re1 Qxe1+ 37. Kh2 Qxe4 38. f3 Qc2 39. b4 Qxc3 40. bxa5 Qxa5 41. Qf4 b5 42. Qe5 Qc7 43. Qxc7 Rxc7 44. Kg3 b4 45. Kf4 b3 46. g4 b2 47. h4 b1=Q 48. g5 Qf5+ 49. Kg3 Rc3 50. gxh6 Qxf3+ 51. Kh2 Rc2+ 52. Kg1 Qg2# 0-1

[Event "DVM U10 2024"]
[Site "Duesseldorf"]
[Date "2024.12.28"]
[Round "5"]
[White "Hübner, Jakob"]
[Black "Hu, Yinuo"]
[Result "1-0"]
[ECO "D02"]
[WhiteElo "1045"]
[BlackElo "1495"]
[Annotator "NA RC"]
[PlyCount "101"]
[EventDate "2024.12.23"]
[EventType "team-tourn"]
[EventRounds "7"]
[EventCountry "GER"]
[SourceTitle "playchess.com"]
[Source "ChessBase"]
[SourceQuality "1"]
[TimeControl "3300+5"]

1. d4 d5 2. Nf3 c5 3. c3 Nc6 4. dxc5 e5 5. b4 a6 6. g3 Nf6 7. Bg2 Be7 8. Ba3 O-O 9. O-O Bf5 10. Nbd2 Qd7 11. c4 Bh3 12. cxd5 Nxd5 13. Nc4 Bxg2 14. Kxg2 Nf6 15. Ncxe5 Qxd1 16. Rfxd1 Nxe5 17. Nxe5 a5 18. Nd7 Nxd7 19. Rxd7 Bf6 20. Rb1 Rfb8 21. bxa5 Rxa5 22. Bb2 Rxc5 23. Ba3 Ra5 24. Rdxb7 Rxb7 25. Rxb7 h6 26. Bb2 Rxa2 27. Bxf6 gxf6 28. e3 Kg7 29. h4 Kg6 30. e4 Ra4 31. f3 h5 32. Rb6 Ra5 33. f4 Ra3 34. e5 Kg7 35. Rxf6 Ra7 36. Rf5 Kg6 37. Rg5+ Kh6 38. Kf3 Ra6 39. Ke4 Rg6 40. Rxg6+ Kxg6 41. f5+ Kg7 42. e6 fxe6 43. fxe6 Kf6 44. Kd5 Ke7 45. Ke5 Ke8 46. Kf4 Ke7 47. Kf5 Ke8 48. Kg5 Ke7 49. Kxh5 Kxe6 50. Kg6 Ke7 51. Kg7 1-0

[Event "DVM U10 2024"]
[Site "Duesseldorf"]
[Date "2024.12.28"]
[Round "5"]
[White "von der Thüsen, Gottfried"]
[Black "Jiang, Lucas"]
[Result "0-1"]
[ECO "C34"]
[WhiteElo "1041"]
[BlackElo "2261"]
[Annotator "ChessBase"]
[PlyCount "112"]
[EventDate "2024.12.23"]
[EventType "team-tourn"]
[EventRounds "7"]
[EventCountry "GER"]
[SourceTitle "playchess.com"]
[Source "ChessBase"]
[SourceQuality "1"]
[TimeControl "3300+5"]

1. e4 e5 2. f4 exf4 3. Nf3 Nc6 4. d4 Be7 5. d5 Bh4+ 6. Kd2 Na5 7. Bd3 b6 8. Nc3 Be7 9. Ke2 d6 10. Bxf4 Nb7 11. Qd2 Nf6 12. Rae1 Bg4 13. Rhf1 O-O 14. Kd1 Rc8 15. e5 dxe5 16. Bxe5 Bd6 17. Bxd6 Qxd6 18. h3 Bh5 19. g4 Bg6 20. Bxg6 hxg6 21. g5 Nh5 22. Nd4 a6 23. Nc6 Rfe8 24. Ne4 Qd7 25. Re3 Nd8 26. Rfe1 Nxc6 27. dxc6 Qxc6 28. Qc3 Qxc3 29. Nxc3 Rxe3 30. Rxe3 f6 31. h4 Nf4 32. Rf3 Nh5 33. Nd5 Rd8 34. Rd3 Rd7 35. Nxf6+ Nxf6 36. gxf6 Rxd3+ 37. cxd3 gxf6 38. Ke2 Kf7 39. Kf3 g5 40. hxg5 fxg5 41. Kg4 Kg6 42. d4 c6 43. b3 Kf6 44. a3 a5 45. a4 c5 46. dxc5 bxc5 47. Kf3 Kf5 48. Kg3 g4 49. Kf2 Kf4 50. Kg2 g3 51. Kh1 Kf3 52. b4 cxb4 53. Kg1 g2 54. Kh2 Kf2 55. Kh3 g1=Q 56. Kh4 Qg6 0-1

[Event "DVM U10 2024"]
[Site "Duesseldorf"]
[Date "2024.12.28"]
[Round "5"]
[White "Mettenbrink, Tammo"]
[Black "Schacht, Jakob Otto"]
[Result "1/2-1/2"]
[ECO "B01"]
[WhiteElo "1029"]
[BlackElo "1064"]
[Annotator "NA RC"]
[PlyCount "75"]
[EventDate "2024.12.23"]
[EventType "team-tourn"]
[EventRounds "7"]
[EventCountry "GER"]
[SourceTitle "playchess.com"]
[Source "ChessBase"]
[SourceQuality "1"]
[TimeControl "3300+5"]

1. e4 d5 2. exd5 Nf6 3. Bc4 Nxd5 4. Nf3 Nc6 5. O-O Nb6 6. Bb3 e5 7. Nc3 Bd6 8. Re1 Bg4 9. Re4 Bf5 10. Re3 Qd7 11. d4 O-O-O 12. dxe5 Bc5 13. Qxd7+ Rxd7 14. Re1 Bg4 15. Ng5 Bh5 16. e6 Re7 17. Bf4 f6 18. Nge4 Bb4 19. Re3 Nd4 20. Ng3 Bg6 21. Rc1 Nxb3 22. cxb3 Rhe8 23. h3 Rxe6 24. Rxe6 Rxe6 25. Bxc7 Kd7 26. Bxb6 Rxb6 27. Nd5 Rb5 28. Rd1 Kc6 29. Nxb4+ Rxb4 30. Rc1+ Kd7 31. Rc4 Rxc4 32. bxc4 Bd3 33. c5 Bb1 34. a3 Kc6 35. Kf1 Kxc5 36. Ke1 Kc4 37. Kd1 Kb3 38. Kc1 1/2-1/2

[Event "DVM U10 2024"]
[Site "Duesseldorf"]
[Date "2024.12.28"]
[Round "5"]
[White "Horn, Philipp"]
[Black "Leppin, Mattis"]
[Result "1-0"]
[ECO "B12"]
[WhiteElo "988"]
[BlackElo "1138"]
[Annotator "NA RC"]
[PlyCount "103"]
[EventDate "2024.12.23"]
[EventType "team-tourn"]
[EventRounds "7"]
[EventCountry "GER"]
[SourceTitle "playchess.com"]
[Source "ChessBase"]
[SourceQuality "1"]
[TimeControl "3300+5"]

1. e4 c6 2. d4 d5 3. Bd3 dxe4 4. Bxe4 Nf6 5. Nc3 Nxe4 6. Nxe4 Bf5 7. Nc3 e6 8. Bf4 Nd7 9. Nf3 Nf6 10. O-O Bd6 11. Bxd6 Qxd6 12. Re1 O-O 13. Qd2 Bg4 14. Re3 Bxf3 15. Rxf3 c5 16. Ne2 cxd4 17. Nxd4 e5 18. Nb3 Qc7 19. h3 Rad8 20. Qe2 Nd5 21. c3 Nf4 22. Qe3 Rd3 23. Qxa7 Rxf3 24. gxf3 Nxh3+ 25. Kf1 Ng5 26. Qe3 Ne6 27. Nc1 Nc5 28. Nd3 Nxd3 29. Qxd3 Rd8 30. Qc2 Qc6 31. Rd1 Qf6 32. Qe2 Re8 33. Qe4 Qe7 34. f4 g6 35. Re1 f6 36. fxe5 Qxe5 37. Qc4+ Kg7 38. Rxe5 Rxe5 39. Qc7+ Kh6 40. Qxb7 Ra5 41. Qb3 Kg5 42. a4 h5 43. c4 h4 44. Kg1 Re5 45. Qc3 Re4 46. c5 Rxa4 47. c6 Ra1+ 48. Kg2 Ra8 49. c7 Rc8 50. b4 Kf5 51. Qc6 g5 52. Qd7+ 1-0

[Event "DVM U10 2024"]
[Site "Duesseldorf"]
[Date "2024.12.28"]
[Round "5"]
[White "Obermeier, Vitus"]
[Black "Najjar, Anton"]
[Result "1-0"]
[ECO "B30"]
[WhiteElo "982"]
[BlackElo "933"]
[Annotator "NA RC"]
[PlyCount "55"]
[EventDate "2024.12.23"]
[EventType "team-tourn"]
[EventRounds "7"]
[EventCountry "GER"]
[SourceTitle "playchess.com"]
[Source "ChessBase"]
[SourceQuality "1"]
[TimeControl "3300+5"]

1. e4 c5 2. Nf3 Nc6 3. Bc4 e6 4. Nc3 d5 5. exd5 exd5 6. Bxd5 Nf6 7. Bb3 Be7 8. d3 O-O 9. Bf4 Re8 10. O-O Bg4 11. Nb5 Rc8 12. h3 Bxf3 13. Qxf3 a6 14. Nc3 Nd4 15. Qg3 b5 16. Bh6 g6 17. Rae1 a5 18. a3 a4 19. Ba2 Nxc2 20. Re5 Bd6 21. Rxe8+ Nxe8 22. Qf3 Nf6 23. Bg5 Be7 24. Ne4 Nxe4 25. Qxf7+ Kh8 26. Bxe7 Qe8 27. Bf6+ Nxf6 28. Qxf6# 1-0

[Event "DVM U10 2024"]
[Site "Duesseldorf"]
[Date "2024.12.28"]
[Round "5"]
[White "Wüstenberg, Felix"]
[Black "Gerigk, Maximilian"]
[Result "0-1"]
[ECO "C42"]
[WhiteElo "975"]
[BlackElo "823"]
[Annotator "NA RC"]
[PlyCount "39"]
[EventDate "2024.12.23"]
[EventType "team-tourn"]
[EventRounds "7"]
[EventCountry "GER"]
[SourceTitle "playchess.com"]
[Source "ChessBase"]
[SourceQuality "1"]
[TimeControl "3300+5"]

1. e4 e5 2. Nf3 Nc6 3. Bc4 Nf6 4. Nc3 Bb4 5. O-O O-O 6. d3 d6 7. Bg5 Bg4 8. Nd5 Be6 9. Nxf6+ gxf6 10. Bh6 Re8 11. a3 Bc5 12. Re1 Kh8 13. Nh4 Rg8 14. g3 Bg4 15. Qd2 Nd4 16. Bxf7 Nf3+ 17. Nxf3 Bxf3 18. Bxg8 Qxg8 19. Be3 Qg4 20. Bxc5 0-1

[Event "DVM U10 2024"]
[Site "Duesseldorf"]
[Date "2024.12.28"]
[Round "5"]
[White "Wang, Alice"]
[Black "Kresse, Andreas"]
[Result "1-0"]
[ECO "C50"]
[WhiteElo "958"]
[BlackElo "744"]
[Annotator "NA RC"]
[PlyCount "75"]
[EventDate "2024.12.23"]
[EventType "team-tourn"]
[EventRounds "7"]
[EventCountry "GER"]
[SourceTitle "playchess.com"]
[Source "ChessBase"]
[SourceQuality "1"]
[TimeControl "3300+5"]

1. e4 e5 2. Nf3 Nc6 3. Bc4 Bc5 4. O-O Nf6 5. d3 d6 6. Nc3 Bg4 7. h3 Bh5 8. g4 Bg6 9. Ng5 O-O 10. a3 d5 11. exd5 Na5 12. b4 Bd6 13. bxa5 Qe7 14. Nb5 Bc5 15. c3 c6 16. dxc6 bxc6 17. d4 exd4 18. cxd4 cxb5 19. Bxb5 Bd6 20. Re1 a6 21. Rxe7 Bxe7 22. Bc4 Ra7 23. Nf3 Be4 24. Nd2 Bc6 25. g5 Nd5 26. h4 Bd6 27. Ne4 Bb8 28. Nc5 Re7 29. Nxa6 Bd6 30. Qf3 Re1+ 31. Kg2 Rfe8 32. Bxd5 Bd7 33. Bc6 Bc8 34. Bxe8 Bxa6 35. Qxf7+ Kh8 36. Rb1 Bd3 37. Rb6 Bc7 38. Qf8# 1-0

[Event "DVM U10 2024"]
[Site "Duesseldorf"]
[Date "2024.12.28"]
[Round "5"]
[White "Holzhäuser, Thibaut Lautaro"]
[Black "Kolesnikoff, Christophe"]
[Result "0-1"]
[ECO "C59"]
[WhiteElo "955"]
[BlackElo "980"]
[Annotator "NA RC"]
[PlyCount "88"]
[EventDate "2024.12.23"]
[EventType "team-tourn"]
[EventRounds "7"]
[EventCountry "GER"]
[SourceTitle "playchess.com"]
[Source "ChessBase"]
[SourceQuality "1"]
[TimeControl "3300+5"]

1. e4 e5 2. Nf3 Nc6 3. Bc4 Nf6 4. Ng5 d5 5. exd5 Na5 6. Bb5+ c6 7. dxc6 bxc6 8. Be2 Bd6 9. Nc3 h6 10. Nf3 Bg4 11. d3 O-O 12. O-O Re8 13. h3 Bxf3 14. Bxf3 Bb4 15. Bd2 Rc8 16. a3 Bxc3 17. Bxc3 Nb7 18. Re1 Qd6 19. Re2 Re6 20. Qd2 Rce8 21. Rae1 Nd8 22. Re3 Nd5 23. Bxd5 cxd5 24. Bb4 Qb6 25. Kh1 Nc6 26. f3 a5 27. Bxa5 Nxa5 28. b4 Nc6 29. c4 dxc4 30. dxc4 Nd4 31. a4 Nf5 32. c5 Qc6 33. Ra3 e4 34. fxe4 Rxe4 35. Rxe4 Rxe4 36. a5 Nd4 37. a6 Re2 38. Qxe2 Nxe2 39. a7 Qa8 40. Ra6 Ng3+ 41. Kg1 Ne2+ 42. Kf2 Nd4 43. Kg3 Ne2+ 44. Kf2 Nd4 0-1